 Dungeon Crawl Stone Soup version 0.22-a0-409-gb855193 (webtiles) character file.

228 4thArraOfDagon the Firebug (level 6, 0/36 HPs)
             Began as an Octopode Fire Elementalist on May 10, 2018.
             Succumbed to an adder's poison
             ... on level 4 of the Dungeon.
             The game lasted 00:04:22 (970 turns).

4thArraOfDagon the Firebug (OpFE)                    Turns: 970, Time: 00:04:23

Health: 0/36       AC:  1    Str:  7    XL:     6   Next: 2%
Magic:  2/10       EV: 13    Int: 19    God:
Gold:   12         SH:  0    Dex: 13    Spells: 3/11 levels left

rFire    . . .     SeeInvis .   (no weapon)
rCold    . . .     Gourm    .   (no shield)
rNeg     . . .     Faith    .   (helmet restricted)
rPois    .         Spirit   .   (no amulet)
rElec    .         Reflect  .   (no ring)
rCorr    .         Harm     .   (no ring)
MR       .....                  (no ring)
Stlth    +++.......             (no ring)
HPRegen  0.12/turn              (no ring)
MPRegen  0.12/turn              (no ring)
                                (no ring)
                                (no ring)

@: lethally poisoned (0 -> -2), very slightly contaminated
A: almost no armour, stealthy swim, amphibious, 8 rings, constrict 8, camouflage
1, gelatinous body 1
a: no special abilities


You were on level 4 of the Dungeon.
You were not hungry.

You visited 1 branch of the dungeon, and saw 7 of its levels.

You collected 12 gold pieces.

Inventory:

Scrolls
 a - 2 scrolls of identify {unknown}
 c - a scroll of enchant armour {unknown}
 d - 4 scrolls of teleportation {unknown}
 e - a scroll of blinking {unknown}
Comestibles
 b - 5 rations
 f - a chunk of flesh


   Skills:
 - Level 2.0 Dodging
 - Level 2.6 Stealth
 + Level 3.0 Spellcasting
 * Level 3.6 Conjurations
 * Level 4.7 Fire Magic


You had 3 spell levels left.
You knew the following spells:

 Your Spells              Type           Power        Failure   Level  Hunger
a - Flame Tongue          Conj/Fire      ###..        2%          1    None
b - Conjure Flame         Conj/Fire      ###.....     9%          3    ###....
c - Sticky Flame          Conj/Fire      ###.....     26%         4    ####...


Dungeon Overview and Level Annotations

Branches:
Dungeon (7/15)
 Temple: D:4-7

Altars:

Annotations:
D:7 Pikel


Innate Abilities, Weirdness & Mutations

You cannot wear most types of armour.
You are very stealthy in the water. (Stealth+)
You are amphibious.
You can wear up to eight rings at the same time.
You can use your tentacles to constrict eight enemies at once.
Your skin changes colour to match your surroundings (Stealth+).
Your rubbery body absorbs attacks. (AC +1, EV +1)


Message History

* * * LOW HITPOINT WARNING * * *
You feel sick.
f - a chunk of flesh
* * * LOW HITPOINT WARNING * * *
You feel sick.
* * * LOW HITPOINT WARNING * * *
You feel sick.
Unknown command.
* * * LOW HITPOINT WARNING * * *
You feel sick.
You see here 8 stones.
A worker ant comes into view.
Unknown command.
* * * LOW HITPOINT WARNING * * *
You feel sick.
Unknown command.
Unknown command.
Unknown command.
Unknown command.
You die...

#.# #.# #.# ### #.# #..
#.# #.# #.# ####.
#.####.##......
####.#####..@...>.......
a.........(.###.########
####.#####.## #.#
#............#
#######.####.# #.. ..#
### ###


There were no monsters in sight!

Vanquished Creatures
  An ogre (D:6)
  A bullfrog zombie (D:6)
  A jelly (D:7)
  A hound zombie (D:6)
  A hound skeleton (D:7)
  2 adders
  An ooze (D:6)
  An adder zombie (D:1)
  A dart slug (D:1)
  A leopard gecko (D:2)
  A bat zombie (D:1)
  2 giant cockroaches
  2 goblins
  A hobgoblin (D:2)
  A jackal (D:4)
  A ball python (D:2)
  A bat (D:1)
  2 kobolds (D:1)
  2 rats (D:1)
24 creatures vanquished.

Notes
Turn   | Place    | Note
-------+----------+-------------------------------------------
     0 | D:1      | 4thArraOfDagon the Octopode Fire Elementalist began the quest for the Orb.
     0 | D:1      | Reached XP level 1. HP: 11/11 MP: 3/3
    64 | D:1      | Reached XP level 2. HP: 12/17 MP: 3/5
   197 | D:2      | Reached XP level 3. HP: 19/21 MP: 2/6
   202 | D:2      | Learned a level 3 spell: Conjure Flame
   301 | D:3      | You fall through a shaft for 2 floors!
   301 | D:5      | Entered Level 5 of the Dungeon
   441 | D:6      | Noticed a sky beast
   441 | D:6      | Noticed a phantom
   546 | D:6      | Noticed an ogre
   601 | D:7      | Reached XP level 4. HP: 27/27 MP: 2/7
   621 | D:7      | Reached skill level 4 in Fire Magic
   696 | D:6      | Reached XP level 5. HP: 28/31 MP: 4/9
   728 | D:6      | Learned a level 4 spell: Sticky Flame
   759 | D:7      | Found the +5 robe of Night {Dark MR+ SInv}
   767 | D:7      | Noticed a spriggan baker
   778 | D:7      | Noticed a slave
   785 | D:7      | Noticed Pikel
   788 | D:7      | Noticed a slave
   791 | D:7      | Noticed a slave
   792 | D:7      | Noticed a slave
   850 | D:6      | Noticed an ogre
   878 | D:6      | Killed an ogre
   931 | D:5      | Noticed an ogre
   949 | D:5      | Reached XP level 6. HP: 10/36 MP: 1/10
   962 | D:4      | HP: 1/36 [poisoned by an adder]
   970 | D:4      | Succumbed to an adder's poison

Vault maps used:
D:1:      saegor_arrival_fortress, minmay_misc_feat_plants, minmay_pentomino_x4
D:2:      first_ration
D:3:      grunt_temple_overflow_growth_and_decay, uniq_natasha
D:4:      temple_doors_e, serial_shops, shop, minmay_tree_intersection
D:5:      marbit_many_paths, lemuel_zombie_altar_yredelemnul
D:6:      grunt_temple_overflow_octagram, supply_closet_lemuel
D:7:      nicolae_gozag_cash_rules_everything_around_me, the_bakery, uniq_pikel

Skill      XL: |  1  2  3  4  5 |
---------------+----------------+-----
Conjurations   | 2 3 |  3.6
Fire Magic     | 4 |  4.7
Spellcasting   | 3 |  3.0
Dodging        | |  2.0
Stealth        | |  2.6

Action                   |  1- 3 |  4- 6 || total
-------------------------+-------+-------++-------
Melee: Unarmed           |    65 |    11 ||    76
       Constrict         |    11 |     3 ||    14
       Tentacles         |    11 |     2 ||    13
 Cast: Flame Tongue      |    25 |    14 ||    39
       Conjure Flame     |       |     5 ||     5
  Use: Potion            |     1 |       ||     1
 Stab: Sleeping          |     1 |       ||     1
       Distracted        |     1 |       ||     1
  Eat: Chunk             |       |     1 ||     1
Armor: Skin              |     5 |       ||     5
Dodge: Dodged            |    56 |    20 ||    76

Table legend:
 A = Spawn XP
 B = Non-spawn XP
 C = Spawn XP percentage of total XP
 D = Spawn monster count
 E = Non-spawn monster count
 F = Spawn count percentage of total count
 G = Total turns spent on level
                    A         B        C        D         E        F      G
               +---------+---------+-------+---------+---------+-------+---------
         Total |       0 |     327 |   0.0 |       0 |      24 |   0.0 |   970
               +---------+---------+-------+---------+---------+-------+---------
           D:1 |       0 |      22 |   0.0 |       0 |      10 |   0.0 |   138
           D:2 |       0 |      23 |   0.0 |       0 |       6 |   0.0 |   156
           D:4 |       0 |       2 |   0.0 |       0 |       1 |   0.0 |    18
           D:5 |       0 |      13 |   0.0 |       0 |       1 |   0.0 |   107
           D:6 |       0 |     206 |   0.0 |       0 |       4 |   0.0 |   328
           D:7 |       0 |      61 |   0.0 |       0 |       2 |   0.0 |   216
               +---------+---------+-------+---------+---------+-------+---------
